 Dungeon Sprint DCSS version 0.17-a0-1805-g6093636 (webtiles) character file.

784 Kidiri the Protected (level 7, 0/48 HPs)
             Began as a Gargoyle Berserker on Sept 12, 2015.
             Was a High Priest of Trog.
             Slain by a shadow (4 damage)
             ... in the Dungeon (Sprint III: "The Ten Rune Challenge").
             The game lasted 00:05:55 (1047 turns).

Kidiri the Protected (Gargoyle Berserker)           Turns: 1047, Time: 00:05:55

Health: 0/48       AC: 14    Str: 25    XL:     7   Next: 86%
Magic:  7/7        EV: 13    Int:  8    God:    Trog [*****.]
Gold:   44         SH:  0    Dex: 10    Spells: 0 memorised, 6 levels left

rFire  . . .     SeeInvis .     a - +0 mace
rCold  . . .     Clarity  .     w - +0 ring mail
rNeg   + . .     SustAt   .     (no shield)
rPois  ∞         Gourm    .     (no helmet)
rElec  +         Spirit   .     (no cloak)
rCorr  .         Warding  .     (no gloves)
rMut   .         NoTele   +     (no boots)
MR     .....                    (no amulet)
Stlth  ..........               (no ring)
                                (no ring)

@: exhausted, slowed, very slow, not resistant to hostile enchantments,
extremely unstealthy
A: thin metallic scales 1, negative energy resistance 1, electricity resistance,
strong 2, unbreathing, petrification resistance, rot immunity, AC +4
a: Burn Spellbooks, Berserk, Trog's Hand, Brothers in Arms, Renounce Religion


You were in the Dungeon.
You worshipped Trog.
Trog was extremely pleased with you.
You were not hungry.

You visited 1 branch You collected 44 gold pieces.

Inventory:

Hand weapons
 a - a +0 mace (weapon)
Missiles
 c - 8 exploding tomahawks (quivered)
Armour
 w - a +0 ring mail (worn)
Scrolls
 i - a scroll of blinking
 k - 2 scrolls of torment
 m - a scroll of immolation
 q - 2 scrolls of remove curse
Potions
 d - 2 potions of curing
 f - a potion of haste
 g - 2 potions of magic
 h - a potion of berserk rage
 o - a potion of cure mutation
 p - 3 potions of flight
Comestibles
 r - a meat ration


   Skills:
 + Level 7.9 Fighting
 * Level 9.7 Maces & Flails
 + Level 4.8 Throwing
 * Level 10.3 Armour
 + Level 5.6 Dodging


You had 6 spell levels left.
You didn't know any spells.

Dungeon Overview and Level Annotations

Branches:
Dungeon (1/1)

Altars:
Cheibriados
Elyvilon
Fedhas
Kikubaaqudgha
Okawaru
Sif Muna
Trog
Vehumet
Yredelemnul
Zin
The Shining One


Innate Abilities, Weirdness & Mutations

You are resistant to torment.
Your stone body is resilient (AC +4).
You are immune to poison.
You resist negative energy.
You are resistant to electric shocks.
You can survive without breathing.
You are immune to petrification.
You are immune to rotting.
You are partially covered in thin metallic scales (AC +2).
Your muscles are very strong. (Str +4)


Message History

Use which ability?
You're too exhausted to go berserk.
Unknown command.
The shadow slips into darkness.
The shadow flickers and vanishes!
Deactivating autopickup; reactivate with Ctrl-A.
The shadow strikes at you from the darkness!
Reactivating autopickup.
Unknown command.
Unknown command.
The shadow slips into darkness.
The shadow flickers and vanishes!
Deactivating autopickup; reactivate with Ctrl-A.
There is a fountain of clear blue water here.
The shadow strikes at you from the darkness!
Ouch! That really hurt!
* * * LOW HITPOINT WARNING * * *
Reactivating autopickup.
You open the door. The shadow hits you.
You die...

▓▓▓▓▓▓ ▓▓▓ .#)..####
##.############
.#......#####..#___#__.#__#
##.......#..#..#.).#...#[_#
.##.##...#..#..###+#+###+##
.##.###..##+#..#..........#
####.##..###...'@W........#
##..##..####...#...######'#
....##..###....#.⌠.# #...#
#..##...##.....#...# #...#
..##....#......#+### #...#
.###..##.#.....#[..# #..%+
.# #..#####....#___# +...#
▓▓ ▓▓▓▓ ▓▓▓▓▓▓▓▓▓▓ ▓▓▓▓▓


You could see a shadow.

Vanquished Creatures
  A deep elf priest (D)
  A necrophage (D)
  A water elemental (D)
  A jelly (D)
  A wizard (D)
  A necromancer (D)
  A kobold demonologist (D)
  3 humans (D)
  A phantom (D)
  4 rats (D)
15 creatures vanquished.

Vanquished Creatures (others)
  2 draconian scorchers (D)
  A yaktaur (D)
3 creatures vanquished.

Grand Total: 18 creatures vanquished

Notes
Turn   | Place    | Note
--------------------------------------------------------------
     0 | D        | Kidiri the Gargoyle Berserker began the quest for the Orb.
     0 | D        | Reached XP level 1. HP: 14/14 MP: 1/1
    30 | D        | Acquired Trog's second power
    54 | D        | Reached skill level 4 in Fighting
    54 | D        | Reached XP level 2. HP: 20/20 MP: 2/2
    91 | D        | Killed a yaktaur
   148 | D        | Reached XP level 3. HP: 24/24 MP: 3/3
   165 | D        | Killed a white draconian scorcher
   168 | D        | Gained mutation: Scrolls take you a little longer to read. [potion of mutation]
   168 | D        | Gained mutation: You are clumsy. (Dex -2) [potion of mutation]
   168 | D        | Gained mutation: Your flesh is heat resistant. [potion of mutation]
   169 | D        | Lost mutation: Scrolls take you a little longer to read. [potion of cure mutation]
   169 | D        | Lost mutation: Your flesh is heat resistant. [potion of cure mutation]
   169 | D        | Lost mutation: You are clumsy. (Dex -2) [potion of cure mutation]
   170 | D        | Gained mutation: You are partially covered in thin metallic scales (AC +2). [potion of mutation]
   170 | D        | Gained mutation: Your muscles are strong. (Str +2) [potion of mutation]
   170 | D        | Gained mutation: Your muscles are very strong. (Str +4) [potion of mutation]
   173 | D        | Killed a white draconian scorcher
   183 | D        | Noticed a water elemental
   190 | D        | Killed a water elemental
   190 | D        | Reached skill level 5 in Fighting
   190 | D        | Reached skill level 5 in Maces & Flails
   190 | D        | Reached skill level 5 in Armour
   190 | D        | Reached XP level 4. HP: 12/31 MP: 4/4
   429 | D        | Found a radiant altar of Vehumet.
   429 | D        | Found a deep blue altar of Sif Muna.
   429 | D        | Found an ancient bone altar of Kikubaaqudgha.
   429 | D        | Noticed a wizard
   432 | D        | Received a gift from Trog
   436 | D        | Noticed a chaos spawn
   437 | D        | Killed a wizard
   437 | D        | Reached skill level 6 in Maces & Flails
   441 | D        | Acquired Trog's third power
   441 | D        | Reached XP level 5. HP: 23/35 MP: 5/5
   615 | D        | Found a glowing silver altar of Zin.
   616 | D        | Found a glowing golden altar of the Shining One.
   616 | D        | Found a white marble altar of Elyvilon.
   616 | D        | Noticed a deep elf priest
   624 | D        | Killed a deep elf priest
   624 | D        | Reached skill level 8 in Maces & Flails
   624 | D        | Reached XP level 6. HP: 42/42 MP: 6/6
   777 | D        | Found an iron altar of Okawaru.
   783 | D        | Found a snail-covered altar of Cheibriados.
   783 | D        | Noticed a necrophage
   786 | D        | Noticed a human
   789 | D        | Noticed a human
   791 | D        | Killed a necrophage
   791 | D        | Reached skill level 9 in Armour
   791 | D        | Reached XP level 7. HP: 48/48 MP: 7/7
   792 | D        | Noticed a necromancer
   794 | D        | Killed a necromancer
   794 | D        | Reached skill level 5 in Dodging
   800 | D        | Killed a human
   807 | D        | Killed a human
   807 | D        | Reached skill level 10 in Armour
   808 | D        | Found a basalt altar of Yredelemnul.
   808 | D        | Found a blossoming altar of Fedhas.
   845 | D        | Found a bloodstained altar of Trog.
  1022 | D        | Noticed a jelly
  1029 | D        | Killed a jelly
  1031 | D        | Noticed a shadow
  1047 | D        | Slain by a shadow

Vault maps used:
D:        dungeon_sprint_mu

Action                   |  1- 3 |  4- 6 |  7- 9 || total
-------------------------+-------+-------+-------++-------
Melee: Mace              |    23 |    23 |    19 ||    65
Invok: Berserk           |     3 |     3 |     1 ||     7
       Burn Spellbooks   |       |     1 |       ||     1
  Use: Potion            |     3 |       |     2 ||     5
       Scroll            |     3 |       |       ||     3
  Eat: Bread ration      |       |     1 |       ||     1
       Chunk             |       |       |     2 ||     2
       Royal jelly       |       |       |     1 ||     1
